AoeStats
← 鄙人張麻子

Arena

503819467Analyzed
4v4 RM · 1mo ago on Sep 2, 2026· 47m 51s· 8 players
Game mode
Random Map
Map size
Large (8 player)
Population
200
Speed
Normal
Resources
Standard
Victory
Conquest
Starting age
Dark Age
Ending age
Imperial Age
RankedLock teamsTeams togetherTeam positionsShared explorationLock speedFull tech treeHidden civsTurbo modeCheats
Victory
Defeat
🇦🇺 Hindustanis · Australia
1226
+12
🇹🇼 Ethiopians · Taiwan
1139
+16
🇹🇼 Slavs · Taiwan
1110
+18
🇹🇼 Franks · Taiwan
1092
+19
1168
-17
🇵🇱 Franks · Poland
1167
-17
🇩🇪 Teutons · Germany
1132
-16
🇨🇳 Gurjaras · China
1128
-15
mateusz.czeczot2
11:12 Feudal Age
12:17 Double-Bit Axe
18:24 Castle Age
20:16 Bow Saw
19:58 Gold Mining
24:11 Gold Shaft Mining
28:58 Imperial Age
27:28 Scale Barding Armor
27:33 Forging
27:26 Husbandry
28:34 Wheelbarrow
29:54 Chain Barding Armor
30:09 Iron Casting
28:59 Cavalier
30:05 Conscription
31:31 Paladin
33:19 Blast Furnace
34:52 Plate Barding Armor
JIANG
10:40 Feudal Age
11:44 Horse Collar
17:34 Castle Age
16:07 Double-Bit Axe
17:07 Wheelbarrow
19:19 Bow Saw
19:20 Heavy Plow
20:14 Loom
26:52 Scale Barding Armor
26:58 Forging
27:17 Hand Cart
26:48 Town Watch
27:57 Chain Barding Armor
29:23 Iron Casting
28:54 Kshatriyas
29:45 Bloodlines
29:35 Husbandry
33:15 Imperial Age
31:42 Town Patrol
32:16 Treadmill Crane
32:48 Fortified Wall
32:44 Scale Mail Armor
33:44 Stone Mining
34:57 Chemistry
34:18 Ballistics
34:22 Frontier Guards
34:23 Conscription
34:41 Plate Barding Armor
33:41 Heavy Camel Rider
35:05 Thumb Ring
36:39 Elite Shrivamsha Rider
38:10 Elite Elephant Archer
40:39 Coinage
40:31 Fletching
40:41 Padded Archer Armor
44:29 Bodkin Arrow
44:49 Leather Archer Armor
45:17 Banking
44:42 Light Cavalry
{DT}^9CaptainHero
10:29 Feudal Age
14:42 Castle Age
13:19 Double-Bit Axe
14:02 Horse Collar
17:53 Loom
20:13 Wheelbarrow
20:05 Bow Saw
20:33 Stone Mining
23:54 Hand Cart
23:59 Town Watch
24:10 Gold Mining
24:25 Heavy Plow
26:09 Pikeman
26:53 Scale Mail Armor
27:07 Forging
26:28 Pikeman
27:10 Squires
31:55 Imperial Age
29:21 Fletching
29:54 Masonry
29:26 Elite Skirmisher
32:24 Bodkin Arrow
32:45 Chain Mail Armor
32:31 Padded Archer Armor
33:07 Iron Casting
34:29 Chemistry
34:10 Ballistics
33:21 Halberdier
34:50 Conscription
34:53 Crenellations
35:09 Leather Archer Armor
35:25 Plate Mail Armor
39:33 Blast Furnace
39:03 Ring Archer Armor
38:52 Fortified Wall
40:36 Hoardings
41:30 Two-Man Saw
Ricardo Corazon de León
11:00 Feudal Age
12:15 Double-Bit Axe
12:29 Stone Mining
13:04 Loom
13:12 Gold Mining
18:37 Castle Age
18:56 Scale Mail Armor
19:37 Bow Saw
29:08 Horse Collar
31:43 Pikeman
33:17 Squires
35:32 Fletching
36:00 Chain Mail Armor
35:57 Murder Holes
36:57 Bodkin Arrow
37:12 Forging
37:42 Town Watch
38:13 Gambesons
38:13 Arson
38:59 Man-at-Arms
41:10 Long Swordsman
43:08 Gold Shaft Mining
43:53 Heavy Plow
46:24 Imperial Age
44:48 Iron Casting
45:44 Chieftains
46:58 Fortified Wall
46:31 Treadmill Crane
47:03 Fortified Wall
47:33 Padded Archer Armor
47:29 Two-Handed Swordsman
48:41 Plate Mail Armor
小蝦米跟大鯨魚
11:16 Feudal Age
16:25 Castle Age
15:30 Double-Bit Axe
15:38 Gold Mining
22:46 Horse Collar
23:18 Bow Saw
28:02 Fortified Wall
29:11 Wheelbarrow
29:59 Forging
29:49 Scale Mail Armor
29:35 Pikeman
30:48 Heavy Plow
31:27 Masonry
31:21 Squires
37:10 Imperial Age
37:37 Iron Casting
37:17 Chain Mail Armor
38:00 Hand Cart
37:59 Halberdier
42:42 Stone Mining
45:47 Blast Furnace
45:17 Plate Mail Armor
46:20 Conscription
46:01 Druzhina
47:07 Capped Ram
鄙人張麻子
11:02 Feudal Age
14:55 Castle Age
13:16 Horse Collar
13:22 Double-Bit Axe
15:46 Heavy Plow
15:57 Bow Saw
21:56 Wheelbarrow
24:48 Hand Cart
26:00 Gold Mining
28:54 Imperial Age
26:40 Fletching
27:51 Ballistics
27:27 Bodkin Arrow
27:33 Padded Archer Armor
28:11 Loom
27:52 Crossbowman
28:40 Thumb Ring
29:03 Leather Archer Armor
29:37 Bracer
30:40 Chemistry
29:02 Arbalester
29:58 Town Watch
30:48 Ring Archer Armor
31:19 Squires
32:47 Scale Mail Armor
32:57 Forging
32:46 Stone Mining
34:01 Two-Man Saw
33:01 Halberdier
33:57 Chain Mail Armor
34:41 Conscription
34:52 Caravan
35:22 Coinage
36:04 Plate Mail Armor
36:09 Iron Casting
35:42 Siege Engineers
39:08 Banking
40:32 Guilds
41:39 Blast Furnace
世紀垃圾
10:29 Feudal Age
14:32 Castle Age
12:31 Double-Bit Axe
14:45 Scale Barding Armor
16:01 Chain Barding Armor
16:21 Bow Saw
29:24 Imperial Age
28:54 Gold Mining
30:30 Wheelbarrow
31:19 Chemistry
31:03 Gold Shaft Mining
31:33 Plate Barding Armor
31:01 Padded Archer Armor
30:43 Cavalier
34:29 Leather Archer Armor
34:57 Hand Cart
36:19 Forging
36:14 Husbandry
35:36 Light Cavalry
40:31 Loom
Usuga
11:39 Feudal Age
12:43 Horse Collar
12:53 Double-Bit Axe
15:19 Castle Age
16:15 Heavy Plow
16:26 Bow Saw
21:39 Wheelbarrow
23:27 Loom
23:39 Stone Mining
27:35 Imperial Age
25:31 Hand Cart
25:15 Gold Mining
26:18 Scale Barding Armor
26:25 Forging
27:28 Chain Barding Armor
28:11 Bloodlines
28:02 Husbandry
29:08 Iron Casting
28:58 Ballistics
28:04 Heavy Camel Rider
30:10 Imperial Camel Rider
31:39 Plate Barding Armor
33:39 Blast Furnace
39:52 Chemistry
39:35 Padded Archer Armor
39:28 Siege Elephant
Connection lost

Rejoining the realm…

Still unreachable

The connection could not be restored.

Session expired

The server has moved on; the page needs a fresh start.